 Dungeon Crawl Stone Soup version 0.32-a0-876-gcfddb08e57 (webtiles) character file.

Game seed: 17962703250688841563

4 pokeman the Magician (level 1, -1/10 HPs)
             Began as a Deep Elf Hedge Wizard on Mar 31, 2024.
             Constricted to death by a ball python (2 damage)
             ... on level 1 of the Dungeon.
             The game lasted 00:00:26 (41 turns).

pokeman the Magician (Deep Elf Hedge Wizard)          Turns: 41, Time: 00:00:28

Health: -1/10      AC:  2    Str:  7    XL:     1   Next: 50%
Magic:  3/8        EV:  1    Int: 18    God:
Gold:   0          SH:  0    Dex: 14    Spells: 8/9 levels left

rFire   . . .        a - +0 dagger
rCold   . . .        (no shield)
rNeg    . . .        b - +0 robe
rPois   .            c - +0 hat
rElec   .            (no cloak)
rCorr   .            (no gloves)
SInv    .            (no boots)
Will    .....        (no amulet)
Stlth   ++           (no ring)
HPRegen 0.21/turn    (no ring)
MPRegen 0.11/turn

%: no passive effects
@: constricted
A: no striking features
a: no special abilities


You were on level 1 of the Dungeon.
You visited 1 branch of the dungeon, and saw 1 of its levels.

Inventory:

Hand Weapons
 a - a +0 dagger (weapon)
Armour
 b - a +0 robe (worn)
 c - a +0 hat (worn)
Potions
 d - a potion of magic


   Skills:
 + Level 0.1 Fighting
 + Level 0.1 Armour
 - Level 2.4 Dodging
 - Level 2.4 Stealth
 * Level 4.5 Spellcasting
 + Level 1.2 Conjurations
 - Level 1.1 Summonings
 - Level 1.1 Translocations


You had 8 spell levels left.
You knew the following spells:

 Your Spells              Type           Power      Damage    Failure   Level
a - Magic Dart            Conj           32%        1d4       9%          1

Your spell library contained the following spells:

 Spells                   Type           Power      Damage    Failure   Level
 Slow                     Hex            16%        N/A       14%         1
 Blink                    Tloc           16%        N/A       14%         2
 Call Imp                 Summ           16%        N/A       14%         2
 Cigotuvi's Dreadful Rot  Necr/Alch/Air  8%         N/A       22%         2
 Mephitic Cloud           Conj/Alch/Air  5%         N/A       34%         3


Dungeon Overview and Level Annotations

Branches:
Dungeon (1/15)

Altars:


Message History

A hobgoblin is nearby!
Casting: Magic Dart (safe; 9% risk of failure)
Confirm with . or Enter, or press ? or * to list all spells.
Aiming: Magic Dart (safe; 9% risk of failure)
Press: ? - help, Shift-Dir - straight line, f - hobgoblin
Aim: a hobgoblin (severely wounded, 100% to hit)
The magic dart hits the hobgoblin.
The hobgoblin is almost dead.
An endoplasm comes into view.
Casting: Magic Dart (safe; 9% risk of failure)
Confirm with . or Enter, or press ? or * to list all spells.
You don't have enough magic to cast this spell.
Unknown command.
An endoplasm is nearby!
You enter the shallow water.
Moving in this stuff is going to be slow.
A ball python comes into view.
The ball python hisses angrily.
A dart slug comes into view.
Found a pair of embroidered gloves.
A ball python comes into view.
The ball python hisses angrily.
You hear a shout!
A giant cockroach comes into view.
A giant cockroach and a hobgoblin come into view.
The hobgoblin shouts!
The ball python bites you. The ball python barely misses you.
You hit the ball python.
You kill the ball python!
You hit the ball python.
The ball python is severely wounded.
The ball python barely misses you. The ball python grabs you.
The ball python constricts you.
You barely miss the ball python.
The ball python is severely wounded.
The ball python bites you. The ball python constricts you.
* * * LOW HITPOINT WARNING * * *
The ball python bites you.
* * * LOW HITPOINT WARNING * * *
The ball python constricts you.
You die...

...~ ..# ###.~ . ...#
#...~ .. .#... ..#.#.~
... ..... .>...~ ...g
.....### ###.~ .....
#....## #...~
......####...########.#.~
.....BBS@##..............
......##.................
..... #########.........
.... #......... ...
#......... .. #.........
. #......... ##....w...
##......#


You could see 2 giant cockroaches and a ball python.

Vanquished Creatures
  2 goblins (D:1)
  2 ball pythons (D:1)
4 creatures vanquished.

Notes
Turn   | Place    | Note
-------+----------+-------------------------------------------
     0 | D:1      | pokeman the Deep Elf Hedge Wizard began the quest for the
                  | Orb.
     0 | D:1      | Reached XP level 1. HP: 10/10 MP: 7/7
    41 | D:1      | Constricted to death by a ball python

Illustrated notes

Levels and vault maps discovered:
D:1:      ebering_trefoil_twist, layout_rooms,
          dreamdust_ecumenical_altar_drowned_temple, serial_curves,
          eino_curves_03, eino_curves_03, nicolae_concentric_dashed_squares_mild

Action                     || total
---------------------------++-------
  Melee: Dagger            ||     3
   Cast: Magic Dart        ||     8
 Armour: Robe              ||     6
  Dodge: Dodged            ||     2

Table legend: (Time is in decaauts)
 A = Elapsed time spent in this place.
 B = Non-inter-level travel time spent in this place.
 C = Inter-level travel time spent in this place.
 D = Time resting spent in this place.
 E = Time spent auto-exploring this place.
 F = Levels seen in this place.
 G = Mean time per level.
                   A        B        C        D        E       F      G
               +--------+--------+--------+--------+--------+-----+--------+
         Total |     42 |     42 |      0 |      0 |      6 |   1 |   42.0 |
       Dungeon |     42 |     42 |      0 |      0 |      6 |   1 |   42.0 |
               +--------+--------+--------+--------+--------+-----+--------+

Top non-repeatable levels by time:
     D:1: 42 daAuts
